 Dungeon Crawl Stone Soup version 0.28-a0-983-g1de4e0787c (webtiles) character file.

Game seed: 9923888389949318

217 tilp the Chiller (level 5, -4/21 HPs)
             Began as a Felid Ice Elementalist on Dec 2, 2021.
             Slain by an ogre (25 damage)
             ... on level 4 of the Dungeon.
             The game lasted 00:08:31 (5444 turns).

tilp the Chiller (Felid Ice Elementalist)           Turns: 5444, Time: 00:08:31

Health: -4/21      AC:  8    Str:  4    XL:     5   Next: 62%
Magic:  1/10       EV: 17    Int: 19    God:
Gold:   149        SH:  0    Dex: 16    Spells: 3/10 levels left
                                        Lives:  0   Deaths: 1

rFire   . . .      SeeInvis +     - Unarmed
rCold   . . .      Faith    .   (shield unavailable)
rNeg    . . .      Spirit   .   (armour unavailable)
rPois   .          Reflect  .   (helmet unavailable)
rElec   .          Harm     .   (cloak unavailable)
rCorr   .          Rampage  .   (gloves unavailable)
Will    .....                   (boots unavailable)
Stlth   ++........              (no amulet)
HPRegen 0.07/turn               (no ring)
MPRegen 0.12/turn               (no ring)

@: ice-armoured, freezing walls, quick
A: very small, claws 1, fangs 3, see invisible, speed 1, shaggy fur 1, stealthy
paws, no weapons or thrown items, no armour, multi-lived
a: no special abilities


You were on level 4 of the Dungeon.
You visited 1 branch of the dungeon, and saw 6 of its levels.

You collected 149 gold pieces.

Inventory:

Potions
 b - a potion of brilliance
 e - a potion of invisibility
 f - a potion of flight {unknown}
 h - a potion of resistance {unknown}
 k - a potion of lignification {unknown}


   Skills:
 + Level 0.1 Fighting
 + Level 2.8 Dodging
 + Level 2.7 Stealth
 + Level 2.0 Unarmed Combat
 - Level 3.0 Spellcasting
 - Level 6.0 Ice Magic


You had 3 spell levels left.
You knew the following spells:

 Your Spells              Type           Power      Damage    Failure   Level
a - Freeze                Ice            100%       1d11      1%          1
b - Frozen Ramparts       Ice            50%        1d7       3%          3
c - Ozocubu's Armour      Ice            25%        N/A       3%          3

Your spell library contained the following spells:

 Spells                   Type           Power      Damage    Failure   Level
 Apportation              Tloc           4%         N/A       16%         1
 Ignite Poison            Fire/Tmut/Pois 2%         N/A       41%         3
 Mephitic Cloud           Conj/Pois/Air  2%         N/A       41%         3
 Hailstorm                Conj/Ice       14%        3d5       41%         4
 Olgreb's Toxic Radiance  Pois           2%         N/A       83%         4
 Freezing Cloud           Conj/Ice/Air   5%         6-21      88%         5
 Alistair's Intoxication  Tmut/Pois      1%         N/A       99%         5
 Ozocubu's Refrigeration  Ice            12%        4d7       100%        7
 Ignition                 Fire           1%         3d3       100%        8


Dungeon Overview and Level Annotations

Branches:
Dungeon (6/15)
 Temple: D:4-7

Altars:

Shops:
D:3 [   D:4 :   D:5 !

Annotations:
D:5 Grinder


Innate Abilities, Weirdness & Mutations

You have sharp claws.
You have razor-sharp teeth.
You have supernaturally acute eyesight. (SInv)
You cover ground quickly. (Speed+)
You are covered in fur. (AC +1)
Your paws help you pounce on unaware monsters.
You are incapable of wielding weapons or throwing items.
You cannot wear armour.
You gain extra lives every three experience levels.


Message History

A film of ice covers your body!
Casting: Ozocubu's Armour (quite dangerous; 3% risk of failure)
Confirm with . or Enter, or press ? or * to list all spells.
The spell is quite dangerous to miscast (3% risk of failure)!
Continue anyway?
Okay, then.
Casting: Frozen Ramparts (quite dangerous; 3% risk of failure)
Confirm with . or Enter, or press ? or * to list all spells.
The spell is quite dangerous to miscast (3% risk of failure)!
Continue anyway?
Casting: Frozen Ramparts (quite dangerous; 3% risk of failure)
Press: ? - help, Dir - look around, f - activate The walls around you are covered in ice.
The wall freezes the ogre.
The ogre barely misses you.
Casting: Frozen Ramparts (quite dangerous; 3% risk of failure)
Confirm with . or Enter, or press ? or * to list all spells.
Aiming: Freeze (safe; 1% risk of failure)
Press: ? - help, Shift-Dir - straight line, f - ogre
Aim: an ogre, wielding a +0 giant club (lightly wounded)
You freeze the ogre!
The ogre is heavily wounded.
Unknown command.
Casting: Freeze (safe; 1% risk of failure)
Confirm with . or Enter, or press ? or * to list all spells.
Aiming: Freeze (safe; 1% risk of failure)
Press: ? - help, Shift-Dir - straight line, f/p - ogre
Aim: an ogre, wielding a +0 giant club (heavily wounded)
You freeze the ogre!
The ogre is severely wounded.
The wall freezes the ogre.
The ogre misses you.
Unknown command.
Casting: Freeze (safe; 1% risk of failure)
Confirm with . or Enter, or press ? or * to list all spells.
Aiming: Freeze (safe; 1% risk of failure)
Press: ? - help, Shift-Dir - straight line, f/p - ogre
Aim: an ogre, wielding a +0 giant club (severely wounded)
You freeze the ogre.
The ogre is severely wounded.
The wall freezes the ogre.
The ogre hits you with a +0 giant club!!
Ouch! That really hurt!
You die...

#S......# #..#......#
.##.....∩# ###.......#
############ ..........
...........
..........####.....$....
##..>....=..#..........#
# #†..#..........# #.
#..#...@O.....#
#..###).=...##$#####
#...<......## #
#........$........
##...........#..##
###########... # ...#
..... .####


You could see an ogre.

Vanquished Creatures
  An ogre (D:4)
  An orc priest (D:3)
  A hound (D:4)
  5 adders
  An ufetubus (D:6)
  A worm (D:3)
  6 orcs
  14 endoplasms
  7 giant cockroaches
  7 goblins
  9 hobgoblins
  13 jackals
  3 kobolds
  3 quokkas (D:2)
  4 ball pythons
  8 bats
  5 frilled lizards
  A quokka skeleton (D:3)
  4 rats
94 creatures vanquished.

Vanquished Creatures (others)
  12 plants
  4 toadstools (D:1)
16 creatures vanquished.

Grand Total: 110 creatures vanquished

Notes
Turn   | Place    | Note
-------+----------+-------------------------------------------
     0 | D:1      | tilp the Felid Ice Elementalist began the quest for the
                  | Orb.
     0 | D:1      | Reached XP level 1. HP: 7/7 MP: 4/4
   121 | D:1      | Reached skill level 1 in Unarmed Combat
   512 | D:1      | Reached XP level 2. HP: 11/11 MP: 6/6
   969 | D:1      | Reached XP level 3. HP: 13/14 MP: 1/7
   973 | D:1      | Learned a level 3 spell: Frozen Ramparts
  1447 | D:2      | Reached skill level 4 in Ice Magic
  1463 | D:2      | Noticed a phantom
  1792 | D:2      | Reached XP level 4. HP: 11/18 MP: 1/8
  2282 | D:2      | Learned a level 3 spell: Ozocubu's Armour
  3266 | D:3      | Found Gefeuss's Antique Armour Emporium.
  4248 | D:3      | You fall into a shaft and drop 3 floors!
  4504 | D:5      | Entered Level 5 of the Dungeon
  4506 | D:5      | Reached XP level 5. HP: 21/21 MP: 10/10
  4521 | D:5      | Found Ilahuul's Distillery.
  4522 | D:5      | Noticed Grinder
  4538 | D:4      | Reached skill level 5 in Ice Magic
  4555 | D:4      | Succumbed to an orc wizard's poison
  4556 | D:4      | Reached XP level 4. HP: -2/18 MP: 1/9
  4556 | D:4      | Found Mamo's Book Emporium.
  4556 | D:4      | Noticed an ogre
  5355 | D:4      | Killed an ogre
  5356 | D:4      | Reached skill level 6 in Ice Magic
  5356 | D:4      | Reached XP level 5. HP: 18/21 MP: 0/10
  5435 | D:4      | Noticed an ogre
  5444 | D:4      | Slain by an ogre

Illustrated notes

Levels and vault maps discovered:
D:1:      ldierk_walled_garden_2, layout_basic, kennysheep_pointless_box
D:2:      layout_loops_corners, serial_forest, infiniplex_forest_corner_1,
          infiniplex_forest_side_room, infiniplex_forest_end_3,
          infiniplex_forest_clump_small, infiniplex_forest_straight_3,
          infiniplex_forest_end_2, infiniplex_forest_lined_2,
          minmay_misc_feat_tiny, kennysheep_nondescript, minmay_split_cup_small
D:3:      layout_rooms, serial_shops, shop_statue, nrook_mini_vaults,
          serial_bayou_pond_e, chequers_big_river, minmay_starry_boxes
D:4:      kb_forest_paths, layout_rooms, serial_shops, shop,
          gammafunk_ghost_necromancy, minmay_box_of_dots, uniq_eustachio
D:5:      layout_loops_corners, mainiacjoe_overflow_tiny_flanked, serial_shops,
          nicolae_shop_stone, nicolae_square_shop, uniq_grinder
D:6:      layout_basic, uniq_blork_the_orc

Skill      XL: |  1  2  3  4  5 |
---------------+----------------+-----
Unarmed Combat | 1 2 |  2.0
Ice Magic      | 4 6 5 |  6.0
Spellcasting   | 3 |  3.0
Fighting       | |  0.1
Dodging        | |  2.8
Stealth        | |  2.7

Action                   |  1- 3 |  4- 6 || total
-------------------------+-------+-------++-------
Melee: Unarmed           |    17 |    28 ||    45
       Bite              |     1 |     2 ||     3
 Cast: Freeze            |    56 |    70 ||   126
       Frozen Ramparts   |       |     5 ||     5
       Ozocubu's Armour  |       |     5 ||     5
  Use: Scroll            |     3 |    10 ||    13
       Potion            |       |     3 ||     3
 Stab: Sleeping          |     9 |     9 ||    18
Armor: Skin              |     1 |    10 ||    11
Dodge: Dodged            |    44 |    57 ||   101

Table legend: (Time is in decaauts)
 A = Elapsed time spent in this place.
 B = Non-inter-level travel time spent in this place.
 C = Inter-level travel time spent in this place.
 D = Time resting spent in this place.
 E = Time spent auto-exploring this place.
 F = Levels seen in this place.
 G = Mean time per level.
                   A        B        C        D        E       F      G
               +--------+--------+--------+--------+--------+-----+--------+
         Total |   4938 |   4750 |    188 |   1238 |   2696 |   6 |  823.0 |
       Dungeon |   4938 |   4750 |    188 |   1238 |   2696 |   6 |  823.0 |
               +--------+--------+--------+--------+--------+-----+--------+

Top non-repeatable levels by time:
     D:2: 1815 daAuts
     D:3: 1357 daAuts
     D:1: 1344 daAuts
     D:6: 254 daAuts
     D:4: 146 daAuts
     D:5: 19 daAuts
